 Dungeon Crawl Stone Soup version 0.31-a0-246-g8cbcc1cb85 (webtiles) character file.

Game seed: 14134531610142155490

268 dolemite99 the Changeling (level 6, -1/75 HPs)
             Began as a Gnoll Shapeshifter on July 12, 2023.
             Was an Initiate of Cheibriados.
             Slain by Pikel
             ... wielding a +0 whip of electrocution
              (13 damage)
             ... on level 4 of the Dungeon.
             The game lasted 00:06:34 (3336 turns).

dolemite99 the Changeling (Gnoll Shapeshifter)      Turns: 3336, Time: 00:06:34

Health: -1/75      AC: 23    Str: 18    XL:     6   Next: 21%
Magic:  8/8        EV:  2    Int:  8    God:    Cheibriados [......]
Gold:   191        SH:  4    Dex: 13    Spells: 5/8 levels left

rFire   . . .        a - +8 short sword "Newtslayer" {drain, rC+}
rCold   + . .        k - +0 buckler
rNeg    + . .        i - melded +0 scale mail
rPois   +            (helmet currently unavailable)
rElec   .            (cloak currently unavailable)
rCorr   .            (gloves currently unavailable)
SInv    .            (boots currently unavailable)
Will    .....        (no amulet)
Stlth   ++           r - ring of positive energy
HPRegen 0.32/turn    (no ring)
MPRegen 0.11/turn

%: no passive effects
@: tree-form, very slow
A: stationary, stasis, torment immunity, boosted hp, (fangs 1), strong nose,
distributed training
a: Renounce Religion


You were on level 4 of the Dungeon.
You worshipped Cheibriados.
Cheibriados was noncommittal.
You were a tree.
You visited 1 branch of the dungeon, and saw 4 of its levels.

You collected 191 gold pieces.

Inventory:

Hand Weapons
 a - the +8 short sword "Newtslayer" (weapon) {drain, rC+}
   (You found it on level 3 of the Dungeon)

   rC:        It protects you from cold.
 b - a +2 dagger of venom
 j - a +2 dagger of venom
 l - a +0 sling
 t - a +0 sling
Missiles
 m - 8 poisoned darts (quivered)
 o - 5 javelins
Armour
 i - a +0 scale mail (melded)
 k - a +0 buckler (worn)
Jewellery
 r - a ring of positive energy (left branch)
Talismans
 c - a beast talisman
Scrolls
 g - 5 scrolls of teleportation
 n - 2 scrolls of fear
 q - a scroll of fog
 s - a scroll of torment {unknown}
Potions
 d - a potion of curing
 e - 3 potions of heal wounds
 f - a potion of might {unknown}
 h - 2 potions of attraction {unknown}
 p - a potion of mutation {unknown}
 u - a potion of cancellation {unknown}
 v - a potion of lignification


   Skills:
 + Level 4.9 Fighting
 + Level 1.9 Short Blades
 + Level 1.9 Long Blades
 + Level 1.9 Axes
 + Level 1.9 Maces & Flails
 + Level 1.9 Polearms
 + Level 1.9 Staves
 + Level 1.9 Ranged Weapons
 + Level 1.9 Throwing
 + Level 1.9 Armour
 + Level 4.9 Dodging
 + Level 1.9 Stealth
 + Level 1.9 Shields
 + Level 4.9 Unarmed Combat
 + Level 1.9 Spellcasting
 + Level 1.5 Conjurations
 + Level 1.5 Hexes
 + Level 1.5 Summonings
 + Level 1.5 Necromancy
 + Level 1.5 Translocations
 + Level 1.5 Transmutations
 + Level 1.5 Fire Magic
 + Level 1.5 Ice Magic
 + Level 1.5 Air Magic
 + Level 1.5 Earth Magic
 + Level 1.5 Poison Magic
 + Level 2.1 Invocations
 + Level 1.9 Evocations
 + Level 6.7 Shapeshifting


You had 5 spell levels left.
You knew the following spells:

 Your Spells              Type           Power      Damage    Failure   Level
a - Vhi's Electric Charg  Tloc/Air       6%         N/A       58%         3

Your spell library contained the following spells:

 Spells                   Type           Power      Damage    Failure   Level
 Arcjolt                  Conj/Air       1%         1d11      100%        5
 Plasma Beam              Fire/Air       1%         2x1d11    100%        6


Dungeon Overview and Level Annotations

Branches:
Dungeon (4/15)             Temple (0/1) D:4

Altars:
Cheibriados
Kikubaaqudgha
Vehumet
Wu Jian

Shops:
D:3 (

Annotations:
D:3 exclusion: statue
D:4 Blork the orc, Pikel


Innate Abilities, Weirdness & Mutations

You are a tree.
Your roots penetrate the ground, keeping you stationary.
You cannot be teleported.
You are immune to unholy pain and torment.
Your maximum health is greatly increased.
Your equipment is partially melded.
((You have very sharp teeth.))
Your uncanny sense of smell can sniff out nearby items.
Your experience applies equally to all skills.


Message History

You are frozen.
You resist. You block Blork the orc's attack. The lemure hits you.
You hit Pikel. You drain Pikel.
Pikel is moderately wounded.
You block Pikel's attack.
The endoplasm hits you but does no damage.
Blork the orc hits you with a +0 halberd!
The lemure hits you. x2
You closely miss Pikel.
Pikel is moderately wounded.
The lemure hits you but does no damage. The endoplasm freezes you.
You are frozen.
You resist.
Blork the orc points at you and mumbles some strange words.
The puff of frost hits you but does no damage.
The lemure hits you but does no damage. x2; Pikel barely misses you.
You hit Pikel.
Pikel is moderately wounded.
The lemure hits you but does no damage. The endoplasm freezes you.
You are frozen.
You resist.
Blork the orc hits you but does no damage.
The lemure hits you but does no damage. x2; Pikel hits you but does no damage.
You are electrocuted!
* * * LOW HITPOINT WARNING * * *
You barely miss Blork the orc.
Blork the orc is severely wounded.
You barely miss Blork the orc.
Blork the orc is severely wounded.
Pikel hits you but does no damage.
You are electrocuted!
* * * LOW HITPOINT WARNING * * *
The lemure hits you.
* * * LOW HITPOINT WARNING * * *
The endoplasm hits you but does no damage.
Blork the orc hits you but does no damage.
The lemure hits you but does no damage. x2
You hit Pikel but do no damage. You drain Pikel.
Pikel is moderately wounded.
Pikel hits you but does no damage.
You are electrocuted!
You die...

#...#... ####..##...##
#...# .. #............
###...# .###........###.
##.##.....#
..#.............
#......##.#
8.#......##.....
#.####....##
..#.......#....#
###...##.##.....#.#.....
##..KJ......###.......
#.55♣o...............
##g55...........#.##.
#...J......####...##. ∆
∆...###.#....# ##.....
..... ......# ####..
##... .)....# ##. ###.
....... .. ∆ .......


You could see Pikel (drained), Blork the orc (very drained), 4 lemures, 2
endoplasms and a hobgoblin.

Vanquished Creatures
  An ogre (D:4)
  An iguana (D:4)
  Terence (D:3)
  Robin (D:3)
  4 adders
  2 worms (D:3)
  A dart slug (D:3)
  5 orcs (D:3)
  4 endoplasms
  4 giant cockroaches
  11 goblins
  8 hobgoblins
  3 jackals (D:1)
  3 kobolds
  2 quokkas (D:1)
  4 ball pythons
  9 bats
  A frilled lizard (D:2)
  5 rats
70 creatures vanquished.

Notes
Turn   | Place    | Note
-------+----------+-------------------------------------------
     0 | D:1      | dolemite99 the Gnoll Shapeshifter began the quest for the
                  | Orb.
     0 | D:1      | Reached XP level 1. HP: 20/20 MP: 1/1
   238 | D:1      | Reached XP level 2. HP: 26/26 MP: 2/2
  1200 | D:2      | Reached XP level 3. HP: 31/31 MP: 3/3
  1216 | D:2      | Reached skill level 1 in Invocations
  1422 | D:2      | Reached skill level 1 in Short Blades
  1422 | D:2      | Reached skill level 1 in Long Blades
  1422 | D:2      | Reached skill level 1 in Axes
  1422 | D:2      | Reached skill level 1 in Maces & Flails
  1422 | D:2      | Reached skill level 1 in Polearms
  1422 | D:2      | Reached skill level 1 in Staves
  1422 | D:2      | Reached skill level 1 in Ranged Weapons
  1422 | D:2      | Reached skill level 1 in Throwing
  1422 | D:2      | Reached skill level 1 in Armour
  1422 | D:2      | Reached skill level 1 in Stealth
  1422 | D:2      | Reached skill level 1 in Shields
  1422 | D:2      | Reached skill level 1 in Spellcasting
  1422 | D:2      | Reached skill level 1 in Evocations
  1610 | D:2      | Reached XP level 4. HP: 30/38 MP: 5/5
  2026 | D:3      | Noticed Terence
  2034 | D:3      | Killed Terence
  2035 | D:3      | Reached skill level 1 in Conjurations
  2035 | D:3      | Reached skill level 1 in Hexes
  2035 | D:3      | Reached skill level 1 in Summonings
  2035 | D:3      | Reached skill level 1 in Necromancy
  2035 | D:3      | Reached skill level 1 in Translocations
  2035 | D:3      | Reached skill level 1 in Transmutations
  2035 | D:3      | Reached skill level 1 in Fire Magic
  2035 | D:3      | Reached skill level 1 in Ice Magic
  2035 | D:3      | Reached skill level 1 in Air Magic
  2035 | D:3      | Reached skill level 1 in Earth Magic
  2035 | D:3      | Reached skill level 1 in Poison Magic
  2154 | D:3      | Identified the +8 short sword "Newtslayer" {drain, rC+}
  2239 | D:3      | Found a radiant altar of Vehumet.
  2239 | D:3      | Noticed a charred statue
  2355 | D:3      | Noticed Robin
  2371 | D:3      | Killed Robin
  2372 | D:3      | Reached XP level 5. HP: 31/43 MP: 5/7
  2644 | D:3      | Found Biepp's Antique Weapon Emporium.
  2978 | D:3      | Found an ancient bone altar of Kikubaaqudgha.
  2984 | D:3      | Found an ornate altar of the Wu Jian Council.
  2987 | D:3      | Found a snail-covered altar of Cheibriados.
  2993 | D:3      | Became a worshipper of Cheibriados the Contemplative
  3188 | D:4      | Noticed an ogre
  3199 | D:4      | Killed an ogre
  3200 | D:4      | Reached XP level 6. HP: 50/50 MP: 8/8
  3253 | D:4      | Learned a level 3 spell: Vhi's Electric Charge
  3269 | D:4      | Found a staircase to the Ecumenical Temple.
  3322 | D:4      | Noticed Blork the orc
  3324 | D:4      | Noticed Pikel
  3336 | D:4      | Slain by Pikel

Illustrated notes

Levels and vault maps discovered:
D:1:      elethiomel_arrival_maze, layout_loops_ring
D:2:      layout_basic
D:3:      layout_loops_corners, vehumet_statue, grunt_temple_overflow_diamond,
          serial_shops, nicolae_shop_gibbet_a_chance, uniq_robin, uniq_terence
D:4:      layout_rooms, minmay_temple_entry_antechambers,
          nicolae_shop_overcharged_wands, uniq_pikel, uniq_blork_the_orc

Skill      XL: |  1  2  3  4  5 |
---------------+----------------+-----
Invocations    | 1 2 |  2.1
Short Blades   | 1 |  1.9
Long Blades    | 1 |  1.9
Axes           | 1 |  1.9
Maces & Flails | 1 |  1.9
Polearms       | 1 |  1.9
Staves         | 1 |  1.9
Ranged Weapons | 1 |  1.9
Throwing       | 1 |  1.9
Armour         | 1 |  1.9
Stealth        | 1 |  1.9
Shields        | 1 |  1.9
Spellcasting   | 1 |  1.9
Evocations     | 1 |  1.9
Conjurations   | 1 |  1.5
Hexes          | 1 |  1.5
Summonings     | 1 |  1.5
Necromancy     | 1 |  1.5
Translocations | 1 |  1.5
Transmutations | 1 |  1.5
Fire Magic     | 1 |  1.5
Ice Magic      | 1 |  1.5
Air Magic      | 1 |  1.5
Earth Magic    | 1 |  1.5
Poison Magic   | 1 |  1.5
Fighting       | |  4.9
Dodging        | |  4.9
Unarmed Combat | |  4.9
Shapeshifting  | |  6.7

Action                     |  1- 3 |  4- 6 || total
---------------------------+-------+-------++-------
  Melee: Unarmed           |    47 |     2 ||    49
         Punch             |     2 |       ||     2
         Bite              |     2 |     9 ||    11
         Short sword       |       |    51 ||    51
   Fire: Sling             |    11 |    17 ||    28
  Throw: Dart              |     6 |    15 ||    21
    Use: Scroll            |       |     4 ||     4
         Potion            |       |     1 ||     1
   Stab: Sleeping          |     1 |       ||     1
 Armour: Scale mail        |    17 |    18 ||    35
         Animal skin       |     1 |       ||     1
         Skin              |       |    22 ||    22
  Dodge: Dodged            |    34 |    21 ||    55
  Block: Buckler           |     1 |    12 ||    13

Table legend: (Time is in decaauts)
 A = Elapsed time spent in this place.
 B = Non-inter-level travel time spent in this place.
 C = Inter-level travel time spent in this place.
 D = Time resting spent in this place.
 E = Time spent auto-exploring this place.
 F = Levels seen in this place.
 G = Mean time per level.
                   A        B        C        D        E       F      G
               +--------+--------+--------+--------+--------+-----+--------+
         Total |   3423 |   3206 |    217 |    636 |   1944 |   4 |  855.8 |
       Dungeon |   3423 |   3206 |    217 |    636 |   1944 |   4 |  855.8 |
               +--------+--------+--------+--------+--------+-----+--------+

Top non-repeatable levels by time:
     D:3: 1264 daAuts
     D:2: 1116 daAuts
     D:1: 846 daAuts
     D:4: 196 daAuts
